 Dungeon Crawl Stone Soup version 0.29-a0-664-gff9cad4a3d (webtiles) character file.

Game seed: 3175906521184621955

106 inmateoo the Skirmisher (level 4, -3/35 HPs)
             Began as a Demonspawn Fighter on June 23, 2022.
             Was a Believer of Dithmenos.
             Killed by nerve-wracking pain
             ... invoked by Grinder
              (13 damage)
             ... on level 3 of the Dungeon.
             The game lasted 00:01:42 (1956 turns).

inmateoo the Skirmisher (Demonspawn Fighter)        Turns: 1956, Time: 00:01:43

Health: -3/35      AC:  6    Str: 18    XL:     4   Next: 55%
Magic:  4/4        EV:  9    Int: 10    God:    Dithmenos [**....]
Gold:   189        SH:  4    Dex: 12    Spells: 3/3 levels left

rFire   . . .      SeeInvis .   a - +0 war axe
rCold   . . .      Faith    .   c - +0 buckler
rNeg    . . .      Spirit   .   b - +0 scale mail
rPois   .          Reflect  .   (no helmet)
rElec   .          Harm     .   (no cloak)
rCorr   +          Rampage  .   (no gloves)
Will    .....                   (no boots)
Stlth   ..........              p - amulet of regeneration
HPRegen 0.91/turn               k - ring of resist corrosion
MPRegen 0.18/turn               (no ring)

@: wreathed by umbra
A: magic regeneration, weakness stinger 1
a: Renounce Religion, Shadow Step


You were on level 3 of the Dungeon.
You worshipped Dithmenos.
Dithmenos was pleased with you.
You visited 1 branch of the dungeon, and saw 3 of its levels.

You collected 189 gold pieces.

Inventory:

Hand Weapons
 a - a +0 war axe (weapon)
Armour
 b - a +0 scale mail (worn)
 c - a +0 buckler (worn)
Jewellery
 k - a ring of resist corrosion (left hand)
 n - a ring of ice
 p - an amulet of regeneration (around neck)
Scrolls
 e - a scroll of silence {unknown}
 h - a scroll of summoning
 i - 2 scrolls of fear {unknown}
 j - a scroll of poison {unknown}
 l - a scroll of amnesia {unknown}
 m - a scroll of blinking {unknown}
 o - a scroll of teleportation {unknown}
 r - a scroll of identify
Potions
 d - a potion of might
 f - a potion of mutation
 g - a potion of brilliance {unknown}
 q - a potion of ambrosia {unknown}


   Skills:
 + Level 3.4 Fighting
 * Level 2.9 Axes
 + Level 3.2 Armour
 + Level 1.2 Dodging
 + Level 3.1 Shields


You had 3 spell levels left.
You didn't know any spells.
Your spell library contained the following spells:

 Spells                   Type           Power      Damage    Failure   Level
 Freezing Cloud           Conj/Ice/Air   0%         6-21      100%        5
 Simulacrum               Ice/Necr       0%         N/A       100%        6
 Polar Vortex             Ice            0%         N/A       100%        9


Dungeon Overview and Level Annotations

Branches:
Dungeon (3/15)

Altars:
Dithmenos
Qazlal

Annotations:
D:3 Grinder


Innate Abilities, Weirdness & Mutations

You regenerate magic rapidly.
You have a small tail.


Message History

Unknown command.
You hit Grinder but do no damage. You block Grinder's attack.
You completely miss Grinder. Grinder closely misses you.
Grinder says, "FISH!"
Grinder hits you!
You writhe in agony.
You hit Grinder but do no damage. Grinder barely misses you.
You hit Grinder. You tail-slap Grinder!
Grinder is moderately wounded.
Grinder says, "Tell me all your secrets, or I'll kill you."
Grinder gestures at you.
You suddenly lose the ability to move!
Grinder gestures at you. You resist with significant effort.
Grinder hits you but does no damage. Grinder gestures at you.
You resist with significant effort. Grinder barely misses you.
You can move again.
Unknown command.
Unknown command.
Unknown command.
You closely miss Grinder.
Your tail-slap misses Grinder.
Grinder is moderately wounded.
Grinder hits you but does no damage.
You closely miss Grinder.
Grinder is moderately wounded.
Grinder hits you.
You writhe in agony.
You hit Grinder.
Grinder is heavily wounded.
Grinder hits you but does no damage. Grinder closely misses you.
You hit Grinder.
Grinder is heavily wounded.
Grinder hits you.
You writhe in agony.
You completely miss Grinder.
Your tail-slap misses Grinder.
Grinder is heavily wounded.
Grinder hits you.
* * * LOW HITPOINT WARNING * * *
Grinder gestures at you. Pain shoots through your body!
You die...

##...#########...###
#.....# #.........
#######...##
#.###.###. #.........#
# #.###. #.######.##
#..##. #.# # ##.##.
##'## #. #.##. ##...##
#.####.##. #..@..#
#.......(. #...5...#
###.##.###
#$........####...#.#
+..............†...###
#.....................
##.......#.###..##.###
##[....##.# #.###.#
##...### # #.###.#
#.....#


You could see Grinder.

Vanquished Creatures
  5 adders (D:2)
  2 dart slugs (D:1)
  4 endoplasms
  2 giant cockroaches
  4 hobgoblins
  8 jackals (D:1)
  2 quokkas
  5 ball pythons
  6 bats
  3 frilled lizards
  5 goblins
  4 kobolds
  6 rats
56 creatures vanquished.

Notes
Turn   | Place    | Note
-------+----------+-------------------------------------------
     0 | D:1      | inmateoo the Demonspawn Fighter began the quest for the
                  | Orb.
     0 | D:1      | Reached XP level 1. HP: 18/18 MP: 1/1
    89 | D:1      | Found a faded altar of an unknown god.
   123 | D:1      | Prayed at the altar of an unknown god.
   123 | D:1      | Became a worshipper of Dithmenos the Shadowed
   123 | D:1      | Reached * piety under Dithmenos
   186 | D:1      | Gained mutation: You have a small tail. [demonic ancestry]
   186 | D:1      | Reached XP level 2. HP: 24/24 MP: 2/2
   554 | D:1      | Reached XP level 3. HP: 15/29 MP: 3/3
   887 | D:1      | Reached ** piety under Dithmenos
  1385 | D:2      | Reached skill level 1 in Dodging
  1385 | D:2      | Gained mutation: You regenerate magic rapidly. [demonic
                  | ancestry]
  1385 | D:2      | Reached XP level 4. HP: 35/35 MP: 4/4
  1640 | D:2      | Found a stormy altar of Qazlal.
  1938 | D:3      | Noticed Grinder
  1940 | D:3      | Paralysed by Grinder for 5 turns
  1948 | D:3      | Paralysed by Grinder for 4 turns
  1956 | D:3      | Killed from afar by Grinder

Illustrated notes

Levels and vault maps discovered:
D:1:      lemuel_arrival_river_ford, layout_loops_ring,
          hellmonk_ecumenical_altar_inner_sanctum
D:2:      layout_loops_ring, basic_altar, guppyfry_early_lair_pool
D:3:      layout_loops_corners, tgw_xom, nicolae_qazlal_scattered_showers,
          minmay_divided_ellipse, uniq_grinder, uniq_natasha

Skill      XL: |  1  2  3 |
---------------+----------+-----
Axes           | 2 |  2.9
Armour         | 3 |  3.2
Shields        | 3 |  3.1
Dodging        | 1 |  1.2
Fighting       | |  3.4

Action                   |  1- 3 |  4- 6 || total
-------------------------+-------+-------++-------
Melee: War axe           |   115 |    44 ||   159
       Tailslap          |     9 |     5 ||    14
  Use: Scroll            |     3 |       ||     3
Armor: Scale mail        |    65 |    18 ||    83
Dodge: Dodged            |    66 |    29 ||    95
Block: Buckler           |    25 |     5 ||    30

Table legend: (Time is in decaauts)
 A = Elapsed time spent in this place.
 B = Non-inter-level travel time spent in this place.
 C = Inter-level travel time spent in this place.
 D = Time resting spent in this place.
 E = Time spent auto-exploring this place.
 F = Levels seen in this place.
 G = Mean time per level.
                   A        B        C        D        E       F      G
               +--------+--------+--------+--------+--------+-----+--------+
         Total |   2030 |   1967 |     63 |    388 |   1159 |   3 |  676.7 |
       Dungeon |   2030 |   1967 |     63 |    388 |   1159 |   3 |  676.7 |
               +--------+--------+--------+--------+--------+-----+--------+

Top non-repeatable levels by time:
     D:1: 1226 daAuts
     D:2: 714 daAuts
     D:3: 90 daAuts
